 Dungeon Crawl Stone Soup version 0.17-a0-2101-g0c122e7 (webtiles) character file.

10449 brucemayne the Cleaver (level 11, -7/81 HPs)
             Began as a Demonspawn Berserker on Oct 18, 2015.
             Was an Elder of Trog.
             Mangled by a sixfirhy (9 damage)
             ... summoned by an orc sorcerer
             ... on level 4 of the Orcish Mines.
             The game lasted 00:31:52 (5502 turns).

brucemayne the Cleaver (Demonspawn Berserker)       Turns: 5502, Time: 00:31:53

Health: -7/81      AC: 14    Str: 20    XL:     11   Next: 36%
Magic:  11/11      EV: 12    Int:  9    God:    Trog [****..]
Gold:   1301       SH:  0    Dex: 22    Spells: 0 memorised, 10 levels left

rFire  . . .     SeeInvis .     B - +0 hand axe (elec)
rCold  . . .     Clarity  +     K - +0 plate armour
rNeg   . . .     SustAt   .     (no shield)
rPois  .         Gourm    .     (helmet restricted)
rElec  .         Spirit   .     (no cloak)
rCorr  .         Warding  .     (no gloves)
rMut   .         Stasis   .     m - +1 pair of boots
MR     .....                    l - amulet of clarity
Stlth  ..........               (no ring)
                                n - +2 ring of slaying

@: agile, about to teleport, drained, not resistant to hostile enchantments,
extremely unstealthy
A: antennae 2, thin skeletal structure 2, powered by pain 2
a: Burn Spellbooks, Berserk, Trog's Hand, Brothers in Arms, Renounce Religion


You were on level 4 of the Orcish Mines.
You worshipped Trog.
Trog was greatly pleased with you.
You were hungry.

You visited 3 branches of the dungeon, and saw 18 of its levels.
You also visited: Sewer.

You collected 1301 gold pieces.

Inventory:

Hand Weapons
 a - a +0 hand axe
 i - a +0 blowgun
 u - a +0 war axe of chopping
 B - a +0 hand axe of electrocution (weapon)
 E - a +0 war axe
 L - a +0 war axe
Missiles
 k - 11 poisoned needles
 D - 3 javelins (quivered)
Armour
 b - a +0 animal skin
 d - a +4 scale mail
 e - a +0 ring mail
 j - a +0 helmet
 m - a +1 pair of boots (worn)
 A - a cursed +0 buckler
 H - a +0 chain mail
 J - the cursed +1 leather armour of Duty {MP+9 Str+2, unknown}
   (You found it on level 11 of the Dungeon)

   It affects your strength (+2).
   It affects your magic capacity (+9).
   It has a curse placed upon it.
 K - a +0 plate armour (worn)
Jewellery
 l - an amulet of clarity (around neck)
 n - a +2 ring of slaying (left hand)
 s - an uncursed ring of teleportation
Wands
 y - a wand of heal wounds (2)
 F - a wand of random effects (8)
Scrolls
 q - 2 scrolls of identify
 G - a scroll of fear {unknown}
 I - a scroll of vulnerability {unknown}
Potions
 h - 3 potions of degeneration
 o - 2 potions of agility {unknown}
 p - 3 potions of might {unknown}
 t - a potion of brilliance {unknown}
 v - 5 potions of curing
 w - 2 potions of flight {unknown}
 x - a potion of berserk rage {unknown}
 z - 2 potions of lignification {unknown}
 C - a potion of mutation {unknown}
Comestibles
 c - 8 bread rations
 r - 3 meat rations


   Skills:
 + Level 6.0(5.4) Fighting
 + Level 14.5(13.7) Axes
 + Level 4.8(4.2) Armour
 - Level 3.0(2.4) Dodging


You had 10 spell levels left.
You didn't know any spells.

Dungeon Overview and Level Annotations

Branches:
Dungeon (13/15)            Temple (1/1) D:7            Lair (0/8) D:10
    Orc (4/4) D:9             Elf (0/3) Orc:4
 Vaults: D:13-14

Altars:
Dithmenos
Makhleb
Yredelemnul
Beogh

Shops:
D:4 *[   D:7 :   D:11 *}?   Orc:2 !   Orc:3 :(   Orc:4 :[


Innate Abilities, Weirdness & Mutations

You have a pair of antennae on your head.
You have a moderately thin skeletal structure (Dex +4, Stealth+).
You sometimes gain power by taking damage.


Message History

The orc warlord roars a battlecry!
Items here: )))) [[[ †† Read which item? (? for menu, Esc to quit)
As you read the scroll of teleportation, it crumbles to dust.
You feel strangely unstable.
The ice devil disappears in a puff of smoke!
Things that are here:
a mace; a chain mail Your surroundings suddenly seem different.
Read which item? (? for menu, Esc to quit)
As you read the scroll of teleportation, it crumbles to dust.
You feel strangely unstable. The sixfirhy hits you!
* * * LOW HITPOINT WARNING * * *
The sixfirhy shocks you!
* * * LOW HITPOINT WARNING * * *
The sixfirhy hits you but does no damage.
The sixfirhy hits you.
* * * LOW HITPOINT WARNING * * *
The sixfirhy shocks you!
You die...

...###.........
.#...#.....#....
...#............#
#..............#.
#................ #. ##
#................ #..
##.###................
##.##...#.............##..
#...#....@................
#....#...4................
#...............o......##
##..[.......o.).8.8....#
.#....)....oo...)........
......#)....o)).##'''##...
#....#......O)###{O{4.###.
.........(..)## #8{)o8# ##
#.#..........# ##o{{## #


You could see a sixfirhy, an orc sorcerer (frenzied), an ogre, 2 orc wizards and
an orc (frenzied).

Vanquished Creatures
  An orc high priest (Orc:4)
  The ghost of brucemayne the Cleaver, a novice HOMo of Makhleb (D:11)
  A hill giant (D:10)
  The ghost of Guts the Carver, a novice HuBe of Trog (D:5)
  Joseph (D:9)
  10 yaks
  2 deep elf magi
  A hippogriff (D:9)
  A water moccasin (D:8)
  A phantom (D:10)
  16 orc warriors
  A sky beast (D:8)
  4 ogres
  2 crocodiles
  2 centaurs
  3 giant frogs
  A scorpion (D:6)
  6 wights
  A crimson imp (D:6)
  A giant frog skeleton (D:6)
  4 hounds
  2 jellies
  15 orc priests
  An iguana (D:11)
  23 orc wizards
  4 worker ants
  10 river rats
  7 adders
  2 gnolls (D:7)
  An ooze (Sewer)
  An adder skeleton (D:4)
  An adder zombie (D:5)
  5 giant geckos
  125 orcs
  4 ball pythons (Sewer)
  10 giant cockroaches
  4 hobgoblins (D:1)
  9 jackals
  2 quokkas
  4 bats
  A giant newt (Sewer)
  A goblin (D:2)
  A jackal skeleton (D:4)
  18 kobolds
  21 rats
333 creatures vanquished.

Vanquished Creatures (collateral kills)
  An ettin (Orc:4)
  An orc high priest (Orc:4)
  An orc knight (Orc:4)
  2 trolls (Orc:4)
  A warg (Orc:4)
  6 orc warriors (Orc:4)
  10 orcs (Orc:4)
22 creatures vanquished.

Vanquished Creatures (others)
  2 orcs (Orc:3)
  14 fungi (D:10)
  A plant (D:10)
  4 toadstools (D:1)
21 creatures vanquished.

Grand Total: 376 creatures vanquished

Notes
Turn   | Place    | Note
--------------------------------------------------------------
     0 | D:1      | brucemayne the Demonspawn Berserker began the quest for the Orb.
     0 | D:1      | Reached XP level 1. HP: 18/18 MP: 1/1
   109 | D:1      | Gained mutation: You have a pair of small antennae on your head. [demonic ancestry]
   109 | D:1      | Reached XP level 2. HP: 22/24 MP: 2/2
   311 | D:4      | Reached XP level 3. HP: 29/29 MP: 3/3
   413 | D:4      | Gained mutation: You sometimes gain a little power by taking damage. [demonic ancestry]
   413 | D:4      | Reached XP level 4. HP: 35/35 MP: 4/4
   434 | D:4      | Reached ** piety under Trog
   449 | D:4      | Found Aruguelo's Armour Shop.
   500 | D:4      | Found Deegyll's Assorted Antiques.
   520 | D:5      | Entered Level 5 of the Dungeon
   520 | D:5      | Noticed a centaur
   569 | D:5      | Reached skill level 4 in Axes
   637 | D:5      | Found a glowing drain.
   654 | Sewer    | Entered a sewer
   674 | Sewer    | Reached XP level 5. HP: 34/41 MP: 5/5
   853 | Sewer    | Reached skill level 5 in Axes
  1115 | Sewer    | Reached XP level 6. HP: 36/47 MP: 6/6
  1164 | D:5      | Found a shadowy altar of Dithmenos.
  1170 | D:5      | Noticed Guts's ghost (novice HuBe)
  1190 | D:5      | Killed Guts's ghost
  1190 | D:5      | Reached skill level 7 in Axes
  1190 | D:5      | Gained mutation: You have a somewhat thin skeletal structure (Dex +2, Stealth). [demonic ancestry]
  1190 | D:5      | Reached XP level 7. HP: 52/52 MP: 7/7
  1247 | D:5      | Killed a centaur
  1392 | D:6      | Reached skill level 8 in Axes
  1510 | D:6      | Gained mutation: You sometimes gain power by taking damage. [demonic ancestry]
  1510 | D:6      | Reached XP level 8. HP: 22/58 MP: 8/8
  1568 | D:7      | Found a staircase to the Ecumenical Temple.
  1609 | Temple   | Entered the Ecumenical Temple
  1811 | D:7      | Found Goahy's Book Boutique.
  1836 | D:7      | Reached skill level 9 in Axes
  2148 | D:8      | Reached skill level 10 in Axes
  2220 | D:9      | Noticed Joseph
  2247 | D:8      | Reached XP level 9. HP: 37/63 MP: 9/9
  2248 | D:8      | Reached skill level 11 in Axes
  2331 | D:9      | Killed Joseph
  2532 | D:10     | Entered Level 10 of the Dungeon
  2676 | D:10     | Reached skill level 12 in Axes
  2812 | D:11     | Got a faintly glowing leather armour
  2829 | D:11     | Reached *** piety under Trog
  2829 | D:11     | Gained mutation: You have a pair of antennae on your head. [demonic ancestry]
  2829 | D:11     | Reached XP level 10. HP: 17/70 MP: 10/10
  2834 | D:11     | Reached skill level 13 in Axes
  2870 | D:11     | Found Pocsuill's Magic Scroll Shop.
  2920 | D:11     | Found Efotoc's Gadget Emporium.
  2929 | D:11     | Found Beaciud's Assorted Antiques.
  3048 | D:11     | Noticed brucemayne's ghost (novice HOMo)
  3079 | D:11     | Killed brucemayne's ghost
  3181 | D:13     | Noticed a centaur warrior
  3277 | D:10     | Found a staircase to the Lair.
  3286 | D:10     | Noticed a hill giant
  3320 | D:10     | Killed a hill giant
  3493 | D:9      | Found a staircase to the Orcish Mines.
  3511 | Orc:1    | Entered Level 1 of the Orcish Mines
  3585 | Orc:2    | Found Wafoc's Distillery.
  3812 | Orc:1    | Reached **** piety under Trog
  4173 | Orc:4    | Entered Level 4 of the Orcish Mines
  4258 | Orc:3    | Reached skill level 14 in Axes
  4267 | Orc:3    | Reached ***** piety under Trog
  4413 | Orc:4    | Found a roughly hewn altar of Beogh.
  4491 | Orc:4    | Found a roughly hewn altar of Beogh.
  4492 | Orc:4    | Noticed an orc knight
  4547 | Orc:4    | Killed an orc knight
  4566 | Orc:4    | Found Qury's Armour Shoppe.
  4612 | Orc:4    | Found a roughly hewn altar of Beogh.
  4635 | Orc:4    | Noticed an ettin
  4648 | Orc:4    | Killed an ettin
  4672 | Orc:4    | Found a staircase to the Elven Halls.
  4680 | Orc:4    | Found a roughly hewn altar of Beogh.
  4688 | Orc:4    | Gained mutation: You have a moderately thin skeletal structure (Dex +4, Stealth+). [demonic ancestry]
  4688 | Orc:4    | Reached XP level 11. HP: 27/78 MP: 11/11
  4741 | Orc:4    | Found a roughly hewn altar of Beogh.
  4945 | Orc:3    | Found Ystoyb Ohoph's Antique Weapon Shop.
  4968 | Orc:3    | Reached skill level 5 in Fighting
  4969 | Orc:3    | Found Sopsopp's Book Emporium.
  4997 | Orc:3    | HP: 1/79 [orc warrior/glaive[an orc knight] (23)]
  5107 | Orc:4    | Noticed an ettin
  5224 | Orc:4    | Found a roughly hewn altar of Beogh.
  5239 | Orc:4    | Found a roughly hewn altar of Beogh.
  5245 | Orc:4    | Noticed an orc high priest
  5248 | Orc:4    | Found Bagi's Book Emporium.
  5255 | Orc:4    | Killed an orc high priest
  5434 | Orc:4    | Noticed an orc high priest
  5461 | Orc:4    | Noticed a soul eater
  5462 | Orc:4    | Killed an orc high priest
  5474 | Orc:4    | Noticed an orc sorcerer
  5474 | Orc:4    | Noticed an orc warlord
  5477 | Orc:4    | Noticed an ice devil
  5483 | Orc:4    | Noticed an orc high priest
  5486 | Orc:4    | Noticed an ice devil
  5502 | Orc:4    | HP: 2/81 [sixfirhy[an orc sorcerer] (6)]
  5502 | Orc:4    | Mangled by a sixfirhy

Vault maps used:
D:1:      ldierk_water_garden
D:2:      evilmike_ruin_ashenzari, ecumenical_altar_1
D:3:      hangedman_decor_lopped, st_stairs_3, minivault_23
D:4:      kiku_gazebo_garden_becter, tgw_trog, serial_curves, eino_curves_02,
          eino_curves_04, eino_curves_01, serial_shops, shop, shop_fountains,
          shop_fountains, first_bread
D:5:      lemuel_coloured_pillars_altar, grunt_dithmenos_smoke_and_mirrors,
          gup_sewer_entry_pipe
D:6:      serial_shops, shop, xom_teletrap_fun
D:7:      minmay_temple_entry_mist, serial_shops, nicolae_shop_statue_plus,
          uniq_menkaure
D:8:      nicolae_overflow_crystal_walls
D:9:      hiddenorc1_lemuel, the_bakery, dk_noncrumbling_4, uniq_joseph
D:10:     due_lair_maze_entry_diamond
D:11:     serial_shops, nicolae_shop_statue_plus, kennysheep_mini, shop, shop,
          jmf_multi_god_temple
D:12:     serial_ice, serial_ice_j, serial_ice_o, serial_ice_f, serial_ice_m,
          serial_shops, shop, minmay_misc_feat_rugged
D:13:     minmay_concentric_multi, david_vaults_3
Temple:   nicolae_temple_figure_eight
Orc:1:    basic_altar
Orc:2:    serial_shops, shop
Orc:3:    serial_shops, nicolae_shop_waterfront, shop, nicolae_orc_pool_cavern
Orc:4:    grunt_orc_community_town_hall, grunt_orc_community_big_house_1,
          grunt_orc_community_big_house_2, grunt_orc_community_house_2,
          grunt_orc_community_house_3, grunt_orc_community_house_1,
          grunt_orc_community_house_3, grunt_orc_community_house_1,
          grunt_orc_community_house_1
Sewer:    sewer_minmay_treatment

Action                   |  1- 3 |  4- 6 |  7- 9 | 10-12 || total
-------------------------+-------+-------+-------+-------++-------
Melee: Hand axe          |    62 |   176 |   203 |   372 ||   813
       War axe           |       |       |    91 |    84 ||   175
Invok: Berserk           |     1 |     4 |     8 |     8 ||    21
       Trog's Hand       |       |    10 |    11 |    15 ||    36
       Brothers in Arms  |       |       |       |     5 ||     5
Evoke: Wand              |       |       |       |     6 ||     6
  Use: Scroll            |       |     7 |     5 |     4 ||    16
       Potion            |       |     3 |     3 |     2 ||     8
  Eat: Chunk             |       |     7 |    14 |    19 ||    40
       Pizza             |       |       |     1 |       ||     1
       Beef jerky        |       |       |       |     1 ||     1
